Unix NetHack Version 5.0.0-0 post-release - last build May  4 2026 22:22:43 (774f63e81ad911689b3a0859ea89b322d5daca8d,branch:main).

Game began 2026-05-04 05:15:29, ended 2026-05-04 22:40:54.

IceCreamJones, lawful male human Archeologist

                  ---------------             ---------    ----------
                  |.............|             |........####|...(....|
                  |.............|             |......<|   #-........-#
                  |..........f..|             |.......|    -----.----#
                  ..........d.e.|             |........#             #
                  --------.------             |.......|#             #
                          ###                 -------.-#  -----      #
                            ##                      ## #  |...|      #
                             #                      # ##  |...|     ##
                             #                      # #----...----  #
                             #                     ## #|.........|  #
                             ##                 ####  #..........|  #--------
                              ####          ----|-  ###|..........###|.....`|
                                 #          |....|  #  ----...---- ##|......|
                              ---.-----     |....|  #     |..>|     #|.._...|
                              |.......|     |.....###     |...|     #.......|
                              |........##   |....|        -----      --------
                              |.......| ####.....|
                              ---------     ------

IceCreamJones the Field Worker  St:15 Dx:11 Co:12 In:14 Wi:15 Ch:13  Lawful
Dlvl:4  $:0  HP:0(34) Pw:14(14) AC:6  Xp:4 T:2860  Hungry  

Latest messages:
 You swap places with your housecat.
 A dart misses you.
 The kobold misses!
 You kill the kobold!
 You see here 9 darts.
 P - 9 darts.
 You swap places with your housecat.
 You see here a dart.
 P - a dart (10 in total).
 In what direction? 6
 You aren't wielding a bow, so you throw your arrow by hand.
 The arrow hits the floating eye.
 In what direction? 6
 You aren't wielding a bow, so you throw your arrow by hand.
 The arrow misses the floating eye.
 In what direction? 6
 You flick your bullwhip towards the floating eye.
 You miss the floating eye.
 You are frozen by the floating eye's gaze!
 The housecat bites the floating eye.
 The housecat is frozen by the floating eye's gaze!
 You are beginning to feel hungry.
 The housecat bites the floating eye.
 The housecat is frozen by the floating eye's gaze!
 The fox just misses!
 The fox bites!
 The fox bites!
 The fox bites!
 The fox bites!
 The fox bites!
 The fox bites!
 The fox bites!
 The fox bites!
 The fox bites!
 The fox bites!
 The fox bites!
 The fox bites!
 The fox bites!
 The fox bites!
 The fox bites!
 The fox bites!
 The fox bites!
 The fox bites!
 The fox bites!
 You die...
 Do you want your possessions identified? [ynq] (y) n
 Do you want to see your attributes? [ynq] (y) n
 Do you want an account of creatures vanquished? [ynaq] (y) n
 Do you want to see your conduct and achievements? [ynq] (y) n
 Do you want to see the dungeon overview? [ynq] (y) n

Inventory:
 Weapons  (')')
  o - a blessed +0 dart
  s - a +1 dart
  p - 8 +0 darts
  P - 10 cursed rustproof +0 darts
  n - a +1 elven dagger named nc
  i - a +0 orcish dagger
  a - a +2 bullwhip (weapon in right hand)
 Armor    ('[')
  k - an uncursed +0 orcish helm (being worn)
  m - an uncursed +0 shield of shock resistance (being worn)
  H - an uncursed +0 cloak of invisibility (being worn)
  h - an uncursed +0 leather jacket (being worn)
 Comestibles  ('%')
  O - 2 uncursed food rations
  I - an uncursed tripe ration
  l - an uncursed lichen corpse
 Wands    ('/')
  K - a wand of light (0:13)
  N - a wand of make invisible (0:3)
 Tools    ('(')
  b - an uncursed sack containing 16 items
  e - a +0 pick-axe (alternate weapon; not wielded)
 Gems/Stones  ('*')
  g - an uncursed touchstone

Contents of the sack:
  33 gold pieces
  an uncursed +0 fedora
  3 uncursed food rations
  2 uncursed lembas wafers
  2 uncursed tripe rations
  a cursed tripe ration
  an uncursed scroll of blank paper
  2 uncursed scrolls of enchant armor
  an uncursed scroll of light
  2 uncursed scrolls of remove curse
  an uncursed spellbook of extra healing
  an uncursed spellbook of invisibility
  an uncursed potion of blindness
  an uncursed potion of sleeping
  an uncursed potion of gain energy
  an uncursed amber stone

IceCreamJones the Archeologist's attributes:

Background:
 You were a Field Worker, a level 4 male human Archeologist.
 You were lawful, on a mission for Quetzalcoatl
 who was opposed by Camaxtli (neutral) and Huhetotl (chaotic).
 You were right-handed.
 You were in the Dungeons of Doom, on level 4.
 You entered the dungeon 2860 turns ago.
 It was nighttime.
 There was a full moon in effect when your adventure ended.
 You had 92 experience points, 68 more were needed to attain level 5.

Basics:
 You had 0 out of 34 hit points.
 You had all 14 energy points (spell power).
 Your armor class was 6.
 Your wallet was empty, but
 you had 33 zorkmids stashed away in your pack.
 Autopickup was off.

Final Characteristics:
 Your strength was 15 (limit:18/100).
 Your dexterity was 11 (limit:18).
 Your constitution was 12 (limit:18).
 Your intelligence was 14 (limit:18).
 Your wisdom was 15 (limit:18).
 Your charisma was 13 (limit:18).

Final Status:
 You were hungry.
 You were unencumbered.
 You were wielding a whip.
 You had basic skill with whip and could have enhanced that.

Final Attributes:
 You were piously aligned.
 You were shock resistant.
 Your items were protected from electric shocks.
 You were telepathic.
 You had automatic searching.
 You were invisible.
 You were warded.
 You were lucky.
 You are dead.

Miscellaneous:
 You didn't encounter any bones levels.
 Total elapsed playing time was 23 minutes and 52 seconds.

Major events:
 Turn
    1: IceCreamJones the lawful male human Archeologist entered the dungeon
  780: attained the rank of Field Worker (level 3)
 2860: killed by a fox, while frozen by a floating eye's gaze

You didn't know any spells.

Skills:
 Fighting Skills
   bare handed combat [Unskilled]
   two weapon combat  [Unskilled]
   riding             [Unskilled]
 Weapon Skills
   dagger             [Unskilled]
   knife              [Unskilled]
   pick-axe           [Basic]
   short sword        [Unskilled]
   saber              [Unskilled]
   club               [Unskilled]
   quarterstaff       [Unskilled]
   sling              [Unskilled]
   dart               [Unskilled]
   boomerang          [Unskilled]
   whip               [Basic]
   unicorn horn       [Unskilled]
 Spellcasting Skills
   attack spells      [Unskilled]
   healing spells     [Unskilled]
   divination spells  [Unskilled]
   matter spells      [Unskilled]

Voluntary challenges:
 Character rerolling was not enabled.
 You never genocided any monsters.
 You never polymorphed an object.
 You never changed form.
 You used no wishes.
Achievement:
 You attained the rank of Field Worker.

 The Dungeons of Doom: levels 1 to 5
    Level 1:
    Level 2:
       An altar to Quetzalcoatl, some fountains.
    Level 3:
       Some fountains, a sink.
    Level 4: <- You were here.
       An altar.
       Final resting place for
          you, killed by a fox, while frozen by a floating eye's gaze.
    Level 5:


Vanquished creatures:
  a floating eye
 12 orc zombies
  4 dwarf zombies
  2 iguanas
  2 coyotes
  a hobbit
  a large kobold
  a giant rat
  2 cave spiders
  3 yellow molds
  a gnome
  6 gnome zombies
  2 geckos
  4 jackals
  2 kobolds
  2 goblins
  a sewer rat
  4 grid bugs
  a bat
  4 lichens
  7 kobold zombies
  5 newts
68 creatures vanquished.

No species were genocided or became extinct.

Game over:
                       ----------
                      /          \
                     /    REST    \
                    /      IN      \
                   /     PEACE      \
                  /                  \
                  |  IceCreamJones   |
                  |      33 Au       |
                  | killed by a fox  |
                  |                  |
                  |                  |
                  |                  |
                  |       2026       |
                 *|     *  *  *      | *
        _________)/\\_//(\/(/\)/\//\/|_)_______

Goodbye IceCreamJones the Archeologist...

You died in The Dungeons of Doom on dungeon level 4 with 608 points,
and 33 pieces of gold, after 2860 moves.
You were level 4 with a maximum of 34 hit points when you died.

